Map: Shadow Reactor

Players

TimeTwist - Winner!

  • Race: Zerg Zerg
  • Spawn Location: 3:00

Myran - Winner!

  • Race: Protoss Protoss
  • Spawn Location: 0:00

dallaskuken

  • Race: Protoss Protoss
  • League: Platinum
  • Spawn Location: 9:00

FrogMint

  • Race: Zerg Zerg
  • Spawn Location: 6:00

Loken - Winner!

  • Race: Zerg Zerg
  • League: Platinum
  • Spawn Location: 1:00

Scaramanga

  • Race: Terran Terran
  • Spawn Location: 7:00

VOD

Have the link to the VOD?

Description

Time

  • Played on: March 16, 2017, 7:57 p.m.
  • Length: 13:01
Show
View Real Time Build Order
Export as new Build Order

TimeTwist Zerg - Winner!

Build Orders: Pool First, Muta Ling Bane 

Get SALT Encoding   

  12  0:01  Drone  
  13  0:14  Drone  
  13  0:18  Overlord  
  13  0:20  Extractor  
  13  0:23  Drone  
  14  0:37  Drone x2  
  16  0:50  Spawning Pool  
  16  0:52  Drone  
  16  0:57  Drone  
  17  1:08  Drone  
  18  1:21  Overlord  
  18  1:36  Metabolic Boost  
  18  1:37  Queen  
  20  1:53  Zergling x6  
  23  2:02  Hatchery  
  23  2:07  Zergling x2  
  23  2:20  Zergling x2  
  24  2:31  Drone  
  25  2:40  Drone  
  26  2:46  Overlord  
  26  2:48  Drone x2  
  26  2:49  Queen  
  30  2:58  Overlord  
  30  3:18  Drone x2  
  30  3:19  Drone x2  
  33  3:42  Drone x4  
  33  3:43  Queen, Drone  
  39  3:57  Drone x4  
  42  4:11  Zergling x6  
  44  4:21  Drone  
  44  4:31  Baneling Nest  
  43  4:43  Extractor  
  42  4:46  Lair  
  42  4:51  Hatchery, Drone, Zergling x2  
  42  4:52  Zergling x4  
  45  4:53  Zergling x4  
  45  4:58  Spore Crawler  
  46  5:15  Drone x3, Spore Crawler  
  46  5:17  Extractor  
  46  5:20  Extractor  
  45  5:21  Baneling  
  45  5:22  Baneling  
  45  5:23  Baneling x3  
  45  5:26  Drone x2  
  45  5:27  Drone  
  48  5:32  Drone x3  
  51  5:38  Overlord x2  
  51  6:01  Centrifical Hooks  
  51  6:06  Zergling x6  
  51  6:07  Zergling x10  
  51  6:08  Baneling x2  
  51  6:09  Baneling x4  
  59  6:24  Drone x4  
  63  6:39  Zergling x4  
  66  6:40  Zergling x14  
  66  6:42  Baneling x3  
  66  6:43  Baneling x5  
  66  7:08  Zergling x8  
  66  7:16  Drone x2  
  66  7:17  Drone x5  
  66  7:21  Spine Crawler  
  72  8:00  Hatchery  
  70  8:15  Overlord  
  70  8:16  Zergling x8  
  70  8:18  Overlord x2  
  74  8:21  Overlord  
  74  8:22  Overlord x3, Spire  
  60  8:57  Zergling x12  
  60  8:58  Zergling x12  
  60  8:59  Zergling x2  
  71  9:15  Evolution Chamber  
  71  9:16  Evolution Chamber  
  69  9:18  Queen  
  69  9:21  Drone  
  72  9:32  Baneling x6  
  72  9:33  Baneling x2  
  72  9:36  Drone x2  
  72  9:37  Mutalisk x6  
  72  9:38  Mutalisk x8  
  88  9:40  Zerg Flyer Weapons Level 1  
  96  10:00  Mutalisk x6  
  101  10:21  Zerg Melee Weapons Level 1  
  101  10:23  Infestation Pit  
  98  10:37  Zergling x8  
  98  10:38  Zergling x2  
  103  10:53  Pneumatized Carapace  
  103  10:55  Overseer x3  
  103  11:00  Spore Crawler  
  103  11:01  Overseer  
  102  11:28  Zergling x12  
  108  11:38  Zergling x10  
  108  11:39  Zergling x14  
  121  11:40  Zergling x6  
  97  11:59  Zergling x6  
  97  12:00  Zergling x12  
  100  12:21  Mutalisk  
  100  12:22  Mutalisk x7  
  104  12:23  Mutalisk  
  116  12:43  Drone  
  116  12:44  Drone x4  
Show
View Real Time Build Order
Export as new Build Order

Myran Protoss - Winner!

Build Orders:  

Get SALT Encoding   

  12  0:02  Probe (Chrono Boost)  
  13  0:16  Pylon  
  13  0:18  Probe (Chrono Boost)  
  14  0:28  Probe (Chrono Boost)  
  15  0:38  Gateway  
  15  0:40  Probe (Chrono Boost)  
  16  0:48  Pylon  
  16  0:51  Probe (Chrono Boost)  
  17  1:01  Probe (Chrono Boost)  
  17  1:03  Assimilator  
  18  1:12  Probe (Chrono Boost)  
  19  1:22  Probe (Chrono Boost)  
  20  1:26  Cybernetics Core  
  20  1:33  Probe (Chrono Boost)  
  20  1:34  Assimilator  
  21  1:43  Probe (Chrono Boost)  
  21  1:46  Pylon  
  23  1:54  Probe (Chrono Boost)  
  23  2:04  Probe (Chrono Boost)  
  24  2:16  Forge  
  24  2:17  Pylon  
  24  2:20  Probe (Chrono Boost)  
  25  2:28  Stargate  
  25  2:31  Probe (Chrono Boost)  
  26  2:41  Probe (Chrono Boost)  
  27  2:54  Pylon  
  25  3:21  Probe (Chrono Boost)  
  25  3:25  Photon Cannon  
  26  3:32  Void Ray, Probe (Chrono Boost)  
  31  3:43  Probe (Chrono Boost)  
  31  3:46  Photon Cannon  
  32  3:55  Probe (Chrono Boost)  
  33  3:56  Robotics Facility  
  33  4:07  Probe (Chrono Boost)  
  34  4:11  Void Ray  
  34  4:16  Photon Cannon  
  38  4:19  Probe (Chrono Boost)  
  39  4:38  Stargate  
  40  4:39  Probe (Chrono Boost)  
  40  4:48  Protoss Air Weapons Level 1  
  40  4:52  Warp Prism  
  42  5:03  Void Ray  
  46  5:34  Probe (Chrono Boost)  
  47  5:46  Probe (Chrono Boost)  
  47  5:49  Nexus  
  48  5:55  Void Ray  
  48  5:56  Assimilator  
  48  6:01  Assimilator  
  48  6:03  Pylon  
  52  6:21  Void Ray  
  56  6:32  Void Ray  
  60  7:04  Void Ray  
  60  7:07  Probe (Chrono Boost)  
  65  7:17  Probe (Chrono Boost)  
  65  7:21  Void Ray  
  66  7:28  Probe (Chrono Boost)  
  71  7:38  Probe (Chrono Boost)  
  72  7:49  Probe (Chrono Boost)  
  73  8:08  Void Ray  
  73  8:10  Probe (Chrono Boost)  
  78  8:25  Pylon  
  78  8:29  Pylon  
  78  8:32  Pylon  
  78  8:33  Pylon  
  78  8:36  Pylon  
  78  8:40  Pylon  
  77  8:41  Probe (Chrono Boost)  
  77  8:42  Fleet Beacon  
  77  8:43  Void Ray  
  64  8:52  Probe (Chrono Boost)  
  64  9:02  Probe (Chrono Boost)  
  65  9:10  Photon Cannon  
  65  9:13  Probe (Chrono Boost)  
  66  9:17  Photon Cannon  
  66  9:20  Photon Cannon  
  66  9:23  Probe (Chrono Boost)  
  67  9:34  Probe (Chrono Boost)  
  68  9:44  Probe (Chrono Boost)  
  69  9:55  Probe (Chrono Boost)  
  69  9:56  Void Ray  
  70  10:01  Void Ray  
  78  10:10  Protoss Air Weapons Level 2  
  78  10:17  Probe (Chrono Boost)  
  79  10:27  Probe (Chrono Boost)  
  80  10:38  Probe (Chrono Boost)  
  81  10:46  Void Ray  
  81  10:52  Void Ray  
  81  10:55  Observer  
  90  11:24  Void Ray  
  94  11:34  Photon Cannon  
  94  11:35  Void Ray  
  98  12:01  Void Ray  
  102  12:18  Void Ray  
Show
View Real Time Build Order
Export as new Build Order

dallaskuken Protoss 

Build Orders:  

Get SALT Encoding   

  12  0:01  Probe (Chrono Boost)  
  13  0:12  Probe (Chrono Boost)  
  14  0:21  Pylon  
  14  0:23  Probe (Chrono Boost)  
  15  0:39  Probe (Chrono Boost)  
  16  0:43  Forge  
  17  0:50  Probe (Chrono Boost)  
  17  1:00  Probe (Chrono Boost)  
  18  1:06  Gateway  
  18  1:11  Assimilator, Probe (Chrono Boost)  
  19  1:21  Probe (Chrono Boost)  
  20  1:29  Pylon  
  20  1:30  Photon Cannon  
  20  1:32  Probe (Chrono Boost)  
  21  1:42  Probe (Chrono Boost)  
  22  1:49  Pylon, Assimilator  
  22  1:53  Zealot  
  24  2:01  Gateway  
  25  2:08  Probe (Chrono Boost)  
  25  2:19  Probe (Chrono Boost)  
  26  2:27  Photon Cannon  
  26  2:36  Probe (Chrono Boost)  
  27  2:40  Zealot  
  29  2:47  Probe (Chrono Boost)  
  30  2:55  Cybernetics Core  
  30  2:57  Zealot  
  32  3:05  Pylon  
  32  3:07  Zealot, Pylon  
  34  3:14  Probe (Chrono Boost)  
  35  3:27  Zealot  
  37  3:37  Twilight Council, Zealot  
  39  3:44  Protoss Ground Armor Level 1  
  39  3:47  Warp Gate  
  39  3:54  Gateway  
  39  3:55  Gateway  
  39  4:05  Charge  
  39  4:27  Zealot  
  39  4:28  Zealot  
  43  4:36  Pylon  
  43  4:39  Photon Cannon  
  43  4:48  Zealot  
  45  4:54  Zealot  
  45  4:57  Zealot  
  49  5:13  Photon Cannon  
  49  5:19  Photon Cannon  
  49  6:04  Nexus  
  49  6:08  Zealot x3  
  49  6:09  Zealot  
  49  6:11  Pylon  
  57  6:24  Pylon x2  
  57  6:26  Pylon  
  57  6:27  Pylon  
  37  7:07  Zealot x3  
  37  7:08  Zealot  
  35  7:21  Probe (Chrono Boost)  
  36  7:28  Zealot x3  
  42  7:31  Probe (Chrono Boost)  
  43  7:41  Zealot  
  43  7:42  Probe (Chrono Boost)  
  46  7:52  Probe (Chrono Boost)  
  47  8:03  Probe (Chrono Boost)  
  46  8:13  Probe (Chrono Boost)  
  47  8:24  Probe (Chrono Boost)  
  48  8:33  Dark Shrine  
  48  8:34  Probe (Chrono Boost)  
  49  8:45  Probe (Chrono Boost)  
  51  8:55  Probe (Chrono Boost)  
  51  8:56  Nexus  
  51  9:06  Probe (Chrono Boost)  
  52  9:17  Probe (Chrono Boost)  
  53  9:27  Probe (Chrono Boost)  
  45  9:50  Pylon  
  45  9:54  Stalker x2  
  45  9:55  Stalker x2  
  52  10:18  Dark Templar x3  
  52  10:19  Dark Templar  
Show
View Real Time Build Order
Export as new Build Order

FrogMint Zerg 

Build Orders: Hatch First 

Get SALT Encoding   

  12  0:01  Drone  
  13  0:12  Overlord  
  13  0:17  Drone  
  14  0:30  Drone  
  14  0:31  Drone  
  16  0:42  Drone  
  17  0:49  Drone  
  18  1:08  Overlord  
  18  1:09  Drone  
  19  1:12  Hatchery  
  19  1:16  Extractor  
  17  1:24  Spawning Pool  
  16  1:30  Drone x2  
  18  1:39  Drone  
  19  1:49  Drone  
  20  2:06  Drone  
  21  2:10  Queen  
  21  2:13  Hatchery  
  22  2:26  Queen  
  24  2:30  Drone  
  24  2:31  Drone  
  24  2:33  Metabolic Boost  
  24  2:36  Drone  
  27  2:45  Drone  
  27  2:51  Drone x3  
  31  2:57  Drone  
  32  3:07  Spine Crawler  
  32  3:10  Zergling x4  
  33  3:23  Spine Crawler  
  32  3:32  Zergling x2  
  32  3:33  Zergling x8  
  33  3:42  Zergling x2  
  33  3:43  Zergling x8  
  38  3:49  Queen  
  36  3:56  Spine Crawler  
  36  4:01  Zergling x2  
  36  4:02  Zergling x2  
  33  4:19  Drone  
  33  4:20  Drone x5  
  39  4:37  Lair  
  39  4:38  Extractor  
  38  4:39  Queen  
  38  4:45  Drone  
  41  4:47  Overlord  
  41  5:02  Overlord  
  41  5:06  Drone x3  
  44  5:13  Drone x4  
  44  5:14  Drone  
  49  5:27  Spore Crawler  
  48  5:38  Zergling x4  
  48  5:39  Zergling x14  
  52  5:46  Spine Crawler  
  52  5:48  Drone x2  
  53  5:50  Drone  
  54  6:00  Hydralisk Den  
  53  6:10  Spine Crawler  
  52  6:12  Spine Crawler  
  52  6:14  Spine Crawler, Drone x2  
  52  6:19  Drone x2  
  54  6:33  Spine Crawler  
  54  6:35  Spine Crawler  
  54  6:36  Drone  
  54  6:38  Drone x4  
  57  7:01  Overlord x3  
  57  7:02  Overlord  
  57  7:19  Queen, Overlord x2  
  59  7:25  Drone x8  
  67  7:36  Hydralisk x2  
  69  7:37  Hydralisk  
  73  7:47  Spore Crawler  
  73  7:48  Hydralisk  
  73  7:50  Spore Crawler  
  73  7:51  Drone x3  
  73  7:52  Drone  
  73  7:57  Hydralisk  
  73  7:58  Hydralisk  
  77  8:19  Muscular Augments, Hydralisk  
  79  8:33  Hydralisk  
  81  8:34  Drone x2  
  81  8:35  Drone x6  
  81  8:41  Extractor  
  81  8:42  Extractor  
  81  8:48  Zergling x6  
  62  9:10  Hydralisk  
  62  9:11  Hydralisk x3  
  62  9:16  Overseer  
  70  9:24  Overlord  
  70  9:25  Overlord x3  
  70  9:26  Zergling x6  
  73  9:32  Drone x2  
  75  9:42  Zergling x2  
  75  9:43  Zergling x4  
  77  9:51  Queen  
  77  9:52  Hatchery  
  76  9:56  Zergling x2  
  76  9:57  Zergling x12  
  77  10:13  Hydralisk x8  
  91  10:23  Hydralisk  
  91  10:24  Hydralisk x4  
  101  10:31  Queen  
  103  10:36  Spore Crawler  
  103  10:38  Spore Crawler  
  103  10:40  Hydralisk  
  103  11:00  Hydralisk x4  
  111  11:05  Drone  
  112  11:17  Overlord, Hydralisk  
  114  11:31  Spore Crawler  
  113  11:40  Hydralisk x2  
  113  11:41  Hydralisk x2  
Show
View Real Time Build Order
Export as new Build Order

Loken Zerg - Winner!

Build Orders: Hatch First 

Get SALT Encoding   

  12  0:01  Drone  
  13  0:13  Overlord  
  13  0:24  Drone  
  14  0:34  Drone x2  
  16  0:41  Drone  
  17  0:56  Hatchery  
  16  0:58  Drone  
  16  1:02  Drone  
  18  1:22  Drone  
  18  1:23  Drone  
  20  1:27  Spawning Pool  
  19  1:39  Drone  
  20  1:43  Extractor  
  19  1:53  Overlord  
  19  1:54  Drone  
  20  2:03  Hatchery  
  20  2:06  Drone  
  20  2:14  Queen  
  22  2:16  Queen  
  22  2:22  Drone  
  25  2:29  Drone x3  
  28  2:38  Extractor  
  28  2:42  Roach Warren  
  26  3:00  Zergling x12  
  32  3:06  Metabolic Boost  
  32  3:27  Queen  
  32  3:29  Drone  
  32  3:30  Drone x5  
  40  3:50  Overlord  
  40  3:51  Overlord  
  40  3:52  Drone  
  40  3:53  Drone  
  42  4:22  Extractor  
  41  4:24  Extractor  
  41  4:25  Zergling x12  
  41  4:26  Zergling x12  
  52  4:36  Lair  
  52  4:41  Overlord x3  
  52  4:46  Roach x3  
  58  5:02  Drone  
  58  5:03  Drone x6  
  58  5:05  Drone  
  66  5:49  Roach  
  76  5:50  Roach x7  
  76  5:56  Glial Reconstitution  
  82  6:00  Spire  
  81  6:08  Evolution Chamber x2  
  79  6:11  Infestation Pit  
  79  6:12  Spore Crawler  
  79  6:15  Spore Crawler  
  79  6:16  Drone  
  79  6:17  Drone x5  
  82  6:34  Overlord x3  
  46  7:17  Zergling x18  
  46  7:18  Zergling x4  
  57  7:32  Zerg Melee Weapons Level 1, Zerg Ground Armor Level 1  
  57  7:34  Hive  
  46  8:10  Zergling x2  
  46  8:11  Zergling x32  
  63  8:33  Drone  
  65  8:34  Drone x8  
  72  9:00  Zergling x4  
  72  9:01  Zergling x28  
  72  9:02  Adrenal Glands  
  88  9:20  Zergling x2  
  88  9:21  Zergling x18  
  98  9:31  Zerg Melee Weapons Level 2, Zerg Ground Armor Level 2  
  98  9:36  Hatchery  
  97  9:59  Zergling x6  
  103  10:00  Zergling x10  
  103  10:02  Overlord  
  103  10:03  Overlord x4  
  105  10:22  Zergling x2  
  105  10:23  Zergling x22  
  117  10:56  Overseer  
  117  10:57  Overseer x3  
  117  11:04  Zergling x16  
  118  11:05  Zergling x20  
  133  11:35  Zergling x14  
  133  11:36  Zergling x14  
Show
View Real Time Build Order
Export as new Build Order

Scaramanga Terran 

Build Orders: Reaper Expand 

Get SALT Encoding   

  12  0:01  SCV  
  13  0:13  SCV  
  14  0:18  Supply Depot  
  14  0:25  SCV  
  15  0:39  SCV  
  15  0:40  Barracks  
  16  0:45  Refinery  
  16  0:51  SCV  
  17  1:03  SCV  
  18  1:15  SCV  
  19  1:31  Reaper  
  20  1:36  Command Center  
  21  1:40  Orbital Command  
  20  1:59  Barracks  
  20  2:04  Reaper  
  20  2:08  SCV  
  22  2:12  Supply Depot  
  22  2:19  Barracks  
  22  2:20  SCV  
  23  2:34  SCV  
  24  2:46  SCV  
  24  2:49  Refinery  
  24  2:50  Barracks Tech Lab  
  25  2:52  Factory, Marine  
  26  3:09  Marine  
  26  3:16  SCV  
  26  3:17  Marauder, Marine  
  28  3:22  Orbital Command  
  28  3:27  Marine  
  29  3:34  SCV, Marine  
  29  3:36  Supply Depot  
  29  3:38  Concussive Shells  
  29  3:40  Factory Reactor  
  31  3:46  SCV  
  32  3:50  SCV, Starport  
  33  3:58  SCV  
  33  4:02  SCV  
  35  4:05  Marine x3  
  37  4:14  SCV x2  
  39  4:23  Marine x2  
  39  4:24  Marauder  
  43  4:26  SCV x2  
  43  4:30  Supply Depot  
  45  4:34  Supply Depot, Engineering Bay  
  46  4:38  SCV  
  46  4:40  Marine  
  47  4:45  Supply Depot  
  47  4:47  SCV  
  47  4:50  SCV, Refinery  
  47  4:51  Factory Tech Lab  
  47  4:52  Refinery  
  49  4:53  Marine  
  49  4:57  Stimpack  
  49  4:59  SCV  
  51  5:02  SCV, Medivac  
  51  5:04  Medivac  
  56  5:11  SCV  
  56  5:12  Marine  
  58  5:14  SCV, Marine  
  58  5:16  Marine  
  58  5:20  Engineering Bay  
  61  5:23  SCV  
  61  5:26  SCV  
  63  5:30  Marine  
  63  5:32  Marine  
  63  5:34  Marauder  
  67  5:44  SCV  
  67  5:45  SCV  
  67  5:48  Marine  
  67  5:49  Marine  
  70  5:50  Medivac x2  
  70  5:52  Siege Tank  
  78  6:10  Supply Depot  
  78  6:12  Supply Depot  
  78  6:21  Supply Depot  
  78  6:25  Terran Infantry Armor Level 1, Supply Depot, Terran Infantry Weapons Level 1  
  78  6:27  Armory  
  78  6:31  SCV x2, Marine x2  
  78  6:32  Marauder, Supply Depot  
  84  6:36  Supply Depot  
  84  6:44  SCV x2  
  63  7:15  SCV x2  
  65  7:22  Marauder, Barracks Reactor, Marine, Command Center  
  68  7:25  Siege Tank  
  68  7:26  Medivac x2  
  68  7:27  SCV x2  
  73  7:35  Barracks  
  73  7:36  Barracks  
  73  7:40  Terran Vehicle Weapons Level 1, Factory, Barracks, Marine  
  73  7:41  SCV x2  
  73  7:43  Marine  
  77  7:53  SCV x2, Command Center  
  77  7:57  Marine, Siege Tank  
  83  8:01  Marine  
  83  8:05  SCV  
  85  8:14  SCV  
  85  8:15  Marine x2  
  85  8:16  Marine  
  85  8:17  SCV  
  90  8:24  Barracks Reactor, Barracks Tech Lab  
  90  8:26  Terran Infantry Weapons Level 2, SCV, Terran Infantry Armor Level 2  
  91  8:29  Factory Tech Lab  
  91  8:32  Medivac  
  81  9:15  Supply Depot  
  81  9:16  Supply Depot  
  81  9:17  Orbital Command  
  81  9:23  Barracks Reactor, Barracks Tech Lab  
  81  9:26  Siege Tank  
  81  9:27  Siege Tank  
  81  9:29  SCV  
  81  9:30  SCV  
  89  9:40  Marine x6  
  89  9:41  Marine  
  96  9:57  Marine  
  96  9:58  Marine x5  
  96  9:59  Marine x3, Siege Tank x2  
  110  10:02  Medivac  
  113  10:14  Medivac  
  115  10:15  Marine  
  115  10:16  Marauder, Marine x3  
  115  10:17  Marauder x2, Marine x2  
  127  10:24  Planetary Fortress  
  127  10:25  Missile Turret  
  127  10:32  Medivac  
  127  10:33  Marine  
  127  10:34  Marine x2  
  127  10:38  Marauder  
  127  10:40  Marine x3  
  127  10:41  Marine x2  
  126  10:45  Missile Turret  
  123  10:51  Marine x3  
  126  10:58  Marine x3  
  126  10:59  Marauder x2  
  133  11:11  Missile Turret  
  133  11:30  Marauder, Marine x6  
  133  11:31  Marine x2  
  132  11:48  Marine x8  
  132  11:51  Marine  
  119  11:55  Medivac x2  
  110  12:05  Marine  
  110  12:06  Marine x5, Siege Tank  
  110  12:07  Marauder x2, Siege Tank  
  115  12:17  Marauder  
  116  12:23  Marine  
  116  12:24  Marine x5  
  116  12:28  Marauder, Marine  
  91  12:38  Marine  
  91  12:41  Marine  
  91  12:42  Marine x2  
Tags
 
Add a new tag
Caveats
  • Supply blocks, unpowered buildings, or Contaminate may cause inaccurate times.
  • Supply counts are checked every 10 seconds.